AoeStats
← A Bá

Pilgrims

508228647Analyzed
4v4 RM · 12d ago on Sep 21, 2026· 42m 8s· 8 players
Game mode
Random Map
Map size
Large (8 player)
Population
200
Speed
Normal
Resources
Standard
Victory
Conquest
Starting age
Dark Age
Ending age
Imperial Age
RankedLock teamsTeams togetherTeam positionsShared explorationLock speedFull tech treeHidden civsTurbo modeCheats
Victory
Defeat
🇨🇳 Dravidians · China
1241
+14
🇦🇺 Bengalis · Australia
1202
+16
🇻🇳 Berbers · Vietnam
1197
+16
🇨🇴 Japanese · Colombia
1154
+19
🇸🇪 Chinese · Sweden
1240
-18
🇪🇨 Malay · Ecuador
1210
-17
🇪🇸 Koreans · Spain
1198
-16
🇺🇸 Vikings · United States
1157
-14
HartyHart
5:42 Loom
10:54 Feudal Age
13:54 Fletching
22:10 Castle Age
21:39 Gold Mining
21:37 Double-Bit Axe
22:47 Crossbowman
33:58 Imperial Age
32:37 Bodkin Arrow
32:43 Padded Archer Armor
35:34 Treadmill Crane
36:05 Masonry
37:28 Arbalester
39:40 Gold Shaft Mining
39:19 Bow Saw
40:13 Ballistics
40:54 Chemistry
40:11 Bracer
40:27 Leather Archer Armor
41:20 Elite Skirmisher
41:51 Elite Skirmisher
KePaSaMiaRMa!!
3:19 Loom
10:47 Feudal Age
16:25 Town Watch
20:35 Castle Age
20:05 Double-Bit Axe
30:36 Imperial Age
28:46 Fletching
ikaros
3:52 Loom
12:32 Feudal Age
16:19 Double-Bit Axe
18:45 Castle Age
19:05 Fletching
20:00 Bodkin Arrow
20:23 Bow Saw
20:08 Gold Mining
23:38 Imperial Age
23:49 Ballistics
24:45 Conscription
24:29 Padded Archer Armor
32:54 Bracer
35:19 Chemistry
36:34 Thumb Ring
37:01 Leather Archer Armor
38:19 Ring Archer Armor
Juanse7991
2:35 Loom
13:34 Feudal Age
14:04 Wheelbarrow
13:20 Double-Bit Axe
14:39 Horse Collar
19:04 Castle Age
21:15 Scale Barding Armor
21:42 Husbandry
23:03 Forging
24:13 Redemption
27:03 Iron Casting
33:55 Imperial Age
31:47 Fletching
32:36 Hand Cart
33:19 Bow Saw
33:11 Squires
36:21 Conscription
37:00 Gold Mining
37:22 Town Watch
40:52 Pikeman
ian.7473
13:13 Feudal Age
13:57 Gold Mining
13:55 Double-Bit Axe
13:52 Horse Collar
14:32 Loom
18:19 Fletching
21:55 Castle Age
20:12 Forging
21:13 Stone Mining
23:01 Bow Saw
25:18 Medium Warships
25:15 Bodkin Arrow
29:04 Wheelbarrow
33:45 Imperial Age
31:26 Treadmill Crane
32:35 Padded Archer Armor
33:07 Bloodlines
32:57 Husbandry
33:31 Thumb Ring
34:22 Ballistics
34:37 Bracer
35:51 Chemistry
35:47 Hand Cart
36:33 Guard Tower
39:05 Leather Archer Armor
40:35 Parthian Tactics
43:00 Kataparuto
A Bá
6:10 Loom
10:47 Feudal Age
11:19 Double-Bit Axe
14:39 Forging
16:49 Castle Age
14:48 Fishing Lines
16:43 Gold Mining
19:50 Wheelbarrow
19:52 Stone Mining
20:24 Bow Saw
21:04 Hand Cart
21:42 Fervor
22:48 Horse Collar
23:33 Pikeman
25:41 Scale Mail Armor
27:56 Gillnets
28:38 Town Watch
32:21 Imperial Age
31:31 Scale Barding Armor
31:17 Fletching
32:07 Iron Casting
31:27 Fletching
31:37 Padded Archer Armor
31:47 Heavy Plow
32:40 Gold Shaft Mining
32:27 Paiks
33:28 Conscription
33:40 Town Patrol
34:38 Bloodlines
34:29 Husbandry
34:37 Scale Barding Armor
35:07 Iron Casting
35:07 Elite Battle Elephant
36:44 Chain Barding Armor
41:05 Plate Barding Armor
41:31 Blast Furnace
仙逆许木
5:21 Loom
13:08 Feudal Age
17:28 Castle Age
15:17 Double-Bit Axe
16:22 Fishing Lines
18:46 Bow Saw
19:10 Town Watch
20:01 Wheelbarrow
20:48 Gold Mining
20:48 Stone Mining
22:01 Gillnets
24:53 Medium Warships
30:31 Imperial Age
30:37 Imperial Age
31:48 Conscription
32:32 Fletching
32:42 Padded Archer Armor
36:26 Chemistry
37:04 Elite Skirmisher
37:50 Thumb Ring
37:43 Bodkin Arrow
38:27 Hand Cart
38:53 Town Patrol
41:18 Bracer
41:34 Leather Archer Armor
Súc Vật Du Phong
5:03 Loom
13:15 Feudal Age
15:29 Fletching
18:50 Castle Age
17:20 Double-Bit Axe
20:27 Horse Collar
21:07 Bodkin Arrow
23:32 Gold Mining
26:11 Scale Barding Armor
28:23 Heavy Plow
29:55 Husbandry
30:05 Bloodlines
31:23 Forging
32:59 Chain Barding Armor
33:14 Iron Casting
33:40 Bloodlines
35:24 Iron Casting
41:15 Imperial Age
40:27 Wheelbarrow
41:57 Hand Cart
41:20 Heavy Camel Rider
42:59 Gold Shaft Mining
Connection lost

Rejoining the realm…

Still unreachable

The connection could not be restored.

Session expired

The server has moved on; the page needs a fresh start.